 Dungeon Crawl Stone Soup version 0.27-a0-1342-ga99462a43c (webtiles) character file.

Game seed: 8001510575529485494

79 GordonOverkill the Magician (level 4, -7/32 HPs)
             Began as a Djinni Summoner on June 27, 2021.
             Was a Follower of the Shining One.
             Mangled by a scorpion (8 damage)
             ... on level 3 of the Dungeon.
             The game lasted 00:11:33 (5001 turns).

GordonOverkill the Magician (Djinni Summoner)       Turns: 5001, Time: 00:11:33

Health: -7/32      AC:  2    Str:  7    XL:     4   Next: 64%
Gold:   110        EV: 11    Int: 18    God:    the Shining One [*.....] SH:  3 Dex: 13

rFire    + + .     SeeInvis .   p - +0 spear
rCold    x . .     Faith    .   k - +0 buckler
rNeg     . . .     Spirit   .   a - +0 robe
rPois    ∞         Reflect  .   (no helmet)
rElec    .         Harm     .   (no cloak)
rCorr    .         Rampage  .   (no gloves)
Will     .....                  (boots unavailable)
Stlth    +.........             (no amulet)
HPRegen  0.10/turn              (no ring)
MPRegen  0.00/turn              (no ring)

@: flying, glowing
A: sickness immunity, fire resistance 2, cold vulnerability 1, float, innate
caster, hp casting, extra vitality 1
a: Renounce Religion


You were on level 3 of the Dungeon.
You worshipped the Shining One.
The Shining One was aware of your devotion.
You visited 1 branch of the dungeon, and saw 4 of its levels.

You collected 110 gold pieces.

Inventory:

Hand Weapons
 p - a +0 spear (weapon)
Missiles
 c - 191 stones
Armour
 a - a +0 robe (worn)
 k - a +0 buckler (worn)
 o - a +0 leather armour
Scrolls
 b - a scroll of magic mapping {unknown}
 f - a scroll of teleportation {unknown}
 g - a scroll of fear {unknown}
 h - 3 scrolls of vulnerability {unknown}
 i - 3 scrolls of noise {unknown}
 j - a scroll of immolation {unknown}
 l - 7 scrolls of identify {unknown}
 n - a scroll of blinking {unknown}
Potions
 d - a potion of heal wounds {unknown}
 e - a potion of curing {unknown}
 m - 2 potions of brilliance {unknown}


   Skills:
 + Level 1.6 Fighting
 + Level 0.3 Polearms
 + Level 1.2 Throwing
 - Level 2.2 Dodging
 - Level 2.0 Stealth
 * Level 0.0 Shields
 + Level 3.6 Spellcasting
 + Level 1.1 Invocations


You couldn't memorise any spells.
You knew the following spells:

 Your Spells              Type           Power      Damage    Failure   Level
a - Summon Small Mammal   Summ           64%        N/A       6%          1
b - Call Imp              Summ           16%        N/A       9%          2
c - Call Canine Familiar  Summ           16%        N/A       17%         3
d - Summon Guardian Gole  Hex/Summ       16%        N/A       17%         3
e - Summon Lightning Spi  Summ/Air       16%        N/A       50%         4
f - Summon Ice Beast      Ice/Summ       16%        N/A       50%         4
g - Sting                 Tmut/Pois      64%        1d6       6%          1
Your spell library was empty.

Dungeon Overview and Level Annotations

Branches:
Dungeon (4/15)
 Temple: D:4-7

Altars:
Kikubaaqudgha
The Shining One

Shops:
D:3 [


Innate Abilities, Weirdness & Mutations

You are immune to sickness and miasma.
You are immune to poison.
Your flesh is very heat resistant. (rF++)
You are vulnerable to cold. (rC-)
You float through the air rather than walking.
You learn spells naturally, not from books.
Your magical power is your life essence.
You have superior vitality. (+4 HP)


Message History

You are too injured to fight recklessly!
You are too injured to fight recklessly!
You hit the scorpion.
The scorpion is lightly wounded.
Your hound bites the scorpion.
The scorpion stings you but does no damage.
Your hound closely misses the scorpion.
You block the scorpion's attack.
You hit the scorpion but do no damage.
The scorpion is lightly wounded.
Your hound bites the scorpion.
The scorpion stings you.
Your hound bites the scorpion but does no damage.
You hit the scorpion but do no damage.
The scorpion is moderately wounded.
The scorpion completely misses you.
Your hound barely misses the scorpion.
The scorpion barely misses you.
Your hound misses the scorpion. You hit the scorpion but do no damage.
The scorpion is moderately wounded.
Your hound bites the scorpion but does no damage.
The scorpion stings you.
* * * LOW HITPOINT WARNING * * *
You hit the scorpion but do no damage.
The scorpion is moderately wounded.
Your hound barely misses the scorpion.
The scorpion stings you.
* * * LOW HITPOINT WARNING * * *
Your hound barely misses the scorpion.
The scorpion barely misses you.
You barely miss the scorpion.
The scorpion is moderately wounded.
Your hound bites the scorpion but does no damage.
The scorpion stings you.
* * * LOW HITPOINT WARNING * * *
Your hound bites the scorpion.
Your hound bites the scorpion.
The scorpion stings you.
* * * LOW HITPOINT WARNING * * *
You fly upwards.
Your summoned ally is left behind.
There is a stone staircase leading down here.
The scorpion stings you!
* * * LOW HITPOINT WARNING * * *
Okay, then.
The scorpion stings you!
You die...

## #. #. ####### ###### #.
#.....## ###....#### #.
######.#..#########......##.###.
#.####.#.>....s@.........'......
##.#.......#.#######......##.....
#..........#.#########....##.##..
..................####....##.##.#
#..........#.#....#..........##..
#.#####......'....'..............
...........#.#....#.##...######.#
#####.##.....#......#....#......#
#.....########.##.##.###.##..


You could see a scorpion.

Vanquished Creatures
  2 ball pythons
  2 goblins
  A hobgoblin (D:2)
  A quokka (D:2)
6 creatures vanquished.

Vanquished Creatures (collateral kills)
  A hound skeleton (D:3)
  4 adders
  A worm (D:2)
  2 dart slugs
  5 ball pythons
  4 endoplasms
  3 giant cockroaches (D:1)
  5 goblins
  5 hobgoblins
  10 jackals
  5 kobolds
  5 quokkas
  4 bats
  3 rats
57 creatures vanquished.

Grand Total: 63 creatures vanquished

Notes
Turn   | Place    | Note
-------+----------+-------------------------------------------
     0 | D:1      | GordonOverkill the Djinni Summoner began the quest for the
                  | Orb.
     0 | D:1      | Reached XP level 1. HP: 15/15 MP: 0/0
   660 | D:1      | Reached XP level 2. HP: 18/21 MP: 0/0
  1855 | D:1      | Found a faded altar of an unknown god.
  1873 | D:1      | Became a worshipper of the Shining One
  1873 | D:1      | Reached * piety under the Shining One
  2007 | D:1      | Reached XP level 3. HP: 23/26 MP: 0/0
  2007 | D:1      | Learned a level 1 spell: Sting
  2025 | D:1      | Reached skill level 1 in Fighting
  3210 | D:2      | Reached skill level 1 in Throwing
  3609 | D:2      | Reached XP level 4. HP: 26/32 MP: 0/0
  4038 | D:3      | Reached skill level 1 in Invocations
  4604 | D:3      | Found Nenkit's Antique Armour Shoppe.
  4985 | D:4      | Noticed a scorpion
  4996 | D:3      | HP: 1/32 [scorpion (8)]
  5001 | D:3      | Mangled by a scorpion

Illustrated notes

Levels and vault maps discovered:
D:1:      dpeg_arrival_arbitrary_c, layout_loops_ring,
          ebering_ecumenical_altar_ruins
D:2:      layout_loops_ring, grunt_ministairs_8, kennysheep_generic_room_14
D:3:      layout_basic, serial_shops, shop_statue
D:4:      layout_basic, chequers_temple_overflow_statue_of_worship,
          minmay_temple_entry_wispy, grunt_ministairs_9

Skill      XL: |  1  2  3  4 |
---------------+-------------+-----
Stealth        | 2 |  2.0
Fighting       | 1 |  1.6
Throwing       | 1 |  1.2
Invocations    | 1 |  1.1
Polearms       | |  0.3
Dodging        | |  2.2
Spellcasting   | |  3.6

Action                   |  1- 3 |  4- 6 || total
-------------------------+-------+-------++-------
Melee: Unarmed           |     6 |       ||     6
       Club              |     4 |       ||     4
       Dagger            |    34 |     6 ||    40
       Spear             |       |    34 ||    34
 Cast: Summon Small Mamm |    28 |     1 ||    29
       Call Imp          |    25 |       ||    25
       Call Canine Famil |    13 |     7 ||    20
Armor: Robe              |    14 |     9 ||    23
Dodge: Dodged            |    48 |    27 ||    75
Block: Buckler           |       |     2 ||     2

Table legend: (Time is in decaauts)
 A = Elapsed time spent in this place.
 B = Non-inter-level travel time spent in this place.
 C = Inter-level travel time spent in this place.
 D = Time resting spent in this place.
 E = Time spent auto-exploring this place.
 F = Levels seen in this place.
 G = Mean time per level.
                   A        B        C        D        E       F      G
               +--------+--------+--------+--------+--------+-----+--------+
         Total |   5006 |   4889 |    117 |   1854 |   2297 |   4 | 1251.5 |
       Dungeon |   5006 |   4889 |    117 |   1854 |   2297 |   4 | 1251.5 |
               +--------+--------+--------+--------+--------+-----+--------+

Top non-repeatable levels by time:
     D:1: 2317 daAuts
     D:2: 1608 daAuts
     D:3: 1061 daAuts
     D:4: 19 daAuts
